cohdb
Replays
Latest Replays
All Replays
Popular Replays
Top Player Replays
Match Explorer
How It Works
Community
CoH3 Stats
Reddit
Sign in to upload your games and track your stats! →
Sign in with Steam
Match 46230356
Unlisted
Match 46230356
Overview
Messages
Build Orders
End
Construct Infanterie Kompanie
Kettenkrad Recon Vehicle
MG 42 Machine Gun Team
Grenadier Squad
Grenadier Squad
Grenadier Squad
Medical Station
Construct Luftwaffe Kompanie
Flak 30 Anti-aircraft Gun Team
Flak 30 Anti-aircraft Gun Team
Support Elements
Marder III M Tank Destroyer
MG 42 Bunker
Construct Panzergrenadier Kompanie
Marder III M Tank Destroyer
Construct Panzer Kompanie
Repair Bunker
Repair Bunker
Panzer IV Medium Tank
Selects Terror Battlegroup
Selects Terror Battlegroup
Selects Terror Battlegroup
Selects Interrogate
Selects Propaganda Leaflet Drop
Selects V1 Rocket Strike
Propaganda Leaflet Drop
Opuds8
Molestos
SinoPowerFkEveryHonkie
Deadlych910
Rush
Darkelf
potatoo
Kim Jong-un
0
0
Comments
sign in to comment!
No comments posted yet!